 Dungeon Crawl Stone Soup version 0.8.0-a0-5348-gdf1c42a character file.

1333437 zeddicus the Gelid (level 27, 208/208 HPs)
             Began as a Merfolk Ice Elementalist on Feb 20, 2011.
             Was the Champion of Sif Muna.
             Escaped with the Orb
             ... and 3 runes (of 3 types) on Feb 22, 2011!
             The game lasted 17:34:27 (116871 turns).

zeddicus the Gelid (Merfolk Ice Elementalist)     Turns: 116871, Time: 17:34:28

HP 208/208       AC 29     Str 11 Exp: 27/1263248 (5)
MP  14/34        EV 30     Int 28      God: Sif Muna [******]
Gold 2601        SH 24     Dex 17      Spells: 16 memorised,  3 levels left

Res.Fire  : . . .   See Invis. : +   a - +7,+8 demon trident (freeze)
Res.Cold  : . . .   Warding    : .   t - +3 orc leather armour {rPois}
Life Prot.: + + .   Conserve   : .   r - +3 buckler "Duery" {rElec rN+}
Res.Acid. : . . .   Res.Corr.  : .   x - +2 visored helmet
Res.Poison: +       Clarity    : .   n - +2 cloak {MR}
Res.Elec. : +       Spirit.Shd : .   g - +2 pair of gauntlets
Sust.Abil.: . .     Stasis     : .   S - +2 pair of boots
Res.Mut.  : +       Ctrl.Telep.: +   F - amulet of resist mutation
Res.Rott. : .       Levitation : .   i - ring of Shadows {+Inv rN+ EV+4 Acc-3 SInv Saprovore : . . . Ctrl.Flight: . m - ring "Stuasem" {cTele +Lev Dam+4}

@: icy armour, regenerating, slightly glowing, quick, very resistant to hostile
enchantments, extremely stealthy
A: change form in water, -20% mp, Str +2, Int +2, Dex +2
a: Channel Energy, Forget Spell, Renounce Religion, Evoke Invisibility, Evoke
Levitation


You escaped.
You worshipped Sif Muna.
Sif Muna was exalted by your worship.
You were not hungry.

You visited 13 branches of the dungeon, and saw 76 of its levels.
You visited the Abyss 1 time.
You visited 1 Labyrinth.
You visited 2 bazaars.
You visited 1 portal chamber: bailey.

You collected 6904 gold pieces.
You spent 4323 gold pieces at shops.

Inventory:

Hand weapons
 a - a +7,+8 demon trident of freezing (weapon)
 y - the +3,+3 dagger "Affei" (quivered) {!d!f, flame, SInv}
   (You found it on level 1 of the Snake Pit)

   It emits flame when wielded, causing extra injury to most foes and up to
   double damage against particularly susceptible opponents.
   Big, fiery blades are also staple armaments of hydra-hunters.
   It enhances your eyesight.
Armour
 g - a +2 pair of gauntlets (worn)
 n - a +2 cloak of magic resistance (worn)
 r - the +3 buckler "Duery" (worn) {rElec rN+}
   (You found it on level 1 of the Vaults)

   It insulates you from electricity.
   It protects you from negative energy.
 t - a +3 orcish leather armour of poison resistance (worn)
 x - a +2 visored helmet (worn)
 S - a +2 pair of boots (worn)
Magical devices
 d - a wand of digging (18)
 l - a wand of healing (7)
 Q - a wand of hasting (7)
Comestibles
 c - 2 meat rations
 k - 2 royal jellies
Scrolls
 o - a scroll of holy word {unknown}
 q - 2 scrolls of teleportation
Jewellery
 b - the amulet of Cekugob {Ward -TELE Hunger rElec rPois rN+ AC+1 EV+1}
   (You found it on level 8 of the Vaults)

   [amulet of warding]

   It affects your AC (+1).
   It affects your evasion (+1).
   It insulates you from electricity.
   It protects you from poison.
   It protects you from negative energy.
   It prevents most forms of teleportation.
   It speeds your metabolism.
 i - the ring of Shadows (right hand) {+Inv rN+ EV+4 Acc-3 SInv Stlth++}
   (You found it on level 2 of the Hive)

   [ring of invisibility]

   It affects your evasion (+4).
   It affects your accuracy (-3).
   It protects you from negative energy.
   It enhances your eyesight.
   It makes you much more stealthy.
 m - the ring "Stuasem" (left hand) {cTele +Lev Dam+4}
   (You found it in a Labyrinth)

   [ring of teleport control]

   It affects your damage-dealing abilities (+4).
   It lets you levitate.
 s - an uncursed ring of sustain abilities
 B - an uncursed ring of protection from fire
 F - an amulet of resist mutation (around neck)
 K - an uncursed amulet of warding
Potions
 e - 11 potions of healing
 f - a potion of resistance
 j - 2 potions of speed
 v - 3 potions of agility
 D - a potion of magic
 G - 2 potions of heal wounds
 H - 3 potions of might
Books
 h - a Necronomicon {highlevel}

   This book is beyond your current level of understanding.

   Spells                             Type                      Level
   Symbol of Torment                  Necromancy                   6
   Borgnjor's Revivification          Necromancy                   7
   Haunt                              Necromancy/Summoning         7
   Death's Door                       Charms/Necromancy            8
   Necromutation                      Transmutation/Necromancy     8
Orbs of Power
 p - the Orb of Zot
Miscellaneous
 u - a decaying rune of Zot
 w - the horn of Geryon
 z - a silver rune of Zot
 E - a serpentine rune of Zot You had 5 experience left.


   Skills:
 + Level 16 Fighting
 - Level 1 Axes
 - Level 15 Polearms
 - Level 3 Armour
 + Level 19 Dodging
 + Level 11 Stealth
 - Level 5 Stabbing
 + Level 14 Shields
 + Level 4 Traps & Doors
 - Level 1 Unarmed Combat
 + Level 15 Spellcasting
 - Level 13 Conjurations
 - Level 2 Hexes
 - Level 12 Charms
 - Level 6 Summonings
 - Level 3 Necromancy
 - Level 7 Translocations
 + Level 20 Ice Magic
 - Level 5 Air Magic
 - Level 1 Poison Magic
 + Level 9 Invocations
 - Level 3 Evocations


You had 3 spell levels left.
You knew the following spells:

 Your Spells              Type           Power        Success   Level  Hunger
a - Phase Shift           Tloc           #######...   Great       5    None
b - Blink                 Tloc           N/A          Excellent   2    None
c - Throw Icicle          Ice/Conj       ########.    Excellent   4    None
d - Bolt of Cold          Ice/Conj       ########..   Excellent   6    Honeycomb
f - Freezing Cloud        Ice/Air/Conj   #######...   Excellent   6    Honeycomb
g - Regeneration          Chrm/Necr      #######...   Excellent   3    None
h - Haste                 Chrm           #######..    Excellent   6    Honeycomb
l - Levitation            Air/Chrm       #######...   Excellent   2    None
r - Repel Missiles        Air/Chrm       #######...   Excellent   2    None
s - Swiftness             Air/Chrm       #######...   Excellent   2    None
t - Teleport Self         Tloc           N/A          Great       5    None
y - Apportation           Tloc           #######...   Excellent   1    None
z - Sublimation of Blood  Necr           ######....   Excellent   2    None
B - Summon Butterflies    Summ           #######..    Excellent   1    None
C - Ozocubu's Armour      Ice/Chrm       ########..   Perfect     3    None
G - Abjuration            Summ           #######...   Excellent   3    None

Dungeon Overview and Level Annotations

Branches:
Dungeon (27/27)            Temple (1/1) D:7             Orc (4/4) D:7
    Elf (5/5) Orc:3          Lair (8/8) D:11          Swamp (5/5) Lair:4
  Slime (0/6) Lair:6        Snake (5/5) Lair:4         Hive (2/2) D:12
  Vault (8/8) D:14          Blade (1/1) Vault:4       Crypt (4/5) Vault:3
   Tomb (0/3) Crypt:3         Dis (0/7) Hell            Geh (0/7) Hell
    Coc (0/7) Hell            Tar (0/7) Hell            Zot (5/5) D:27

Altars:
Ashenzari
Cheibriados
Elyvilon
Fedhas
Kikubaaqudgha
Makhleb
Nemelex Xobeh
Okawaru
Sif Muna
The Shining One
Trog
Vehumet
Xom
Yredelemnul
Zin

Shops:
D:7: [ D:10: * D:21: [ D:23: * D:25: = Orc:1: ? Orc:3: ( Orc:4: /?!!? Elf:1: ( Elf:4: *%*( Elf:5: [([/[ Snake:1: [ Snake:2: (([(= Vault:1: * Vault:2: ( Vault:3: !

Portals:
Hell: D:21 D:22 D:23 D:24 D:25 D:26 D:27
Abyss: D:21 D:25 D:26
Pan: D:22 D:24 D:27
Ziggurat: D:18 (3020 gp)

Annotations
D:16 exclusion: Roxanne
D:18 exclusion: downstairs
D:19 exclusion: upstairs
Elf:5 1 exclusion
Swamp:2 exclusion: bog mummy
Swamp:4 exclusions: Donald, downstairs and vapour
Swamp:5 exclusions: Mara and upstairs
Snake:2 exclusion: downstairs
Snake:3 exclusions: oklob plant and upstairs
Snake:5 exclusion: door
Vault:2 exclusion: downstairs
Vault:4 exclusion: downstairs
Crypt:1 exclusions: curse skull and downstairs
Crypt:2 !khufu!!!!, exclusion: upstairs
Crypt:3 exclusions: 2 downstairs and 2 upstairs
Crypt:4 exclusion: Mennas


Innate Abilities, Weirdness & Mutations

You revert to your normal form in water.
You are agile (Dex +2).
Your mind is acute (Int +2).
Your magical capacity is very low (-20% MP).
Your muscles are strong (Str +2).


Message History

Enter note: peace out, thanks to german joey and evilmike and ##crawl and ##gooncrawl for all the help to this badplayer!!!
Enter note: ROCK!
Enter note: ROBOT ROCK!
Are you sure you want to leave the Dungeon? [Y]es or [N]o only, please.
Are you sure you want to leave the Dungeon?
You have escaped!

.# #...........................
.####...#######.#######....###.#
..........####...####.....## #.#
.####.#.....#..~..#.....#.# #.#
.# #.#8..~....~....~..8#.# #.#
.# #.##...~..~~~..~...##.# #.#
.# #.#.....~~~~~~~.....#.# #.#
.# #.....~~~~...~~~~.....# #.#
.# #...~~~~~.<@<.~~~~~...# #.#
.# #.....~~~~...~~~~.....# #.#
## #.#.....~~~~~~~.....#.# #.#
#.##...~..~~~..~...##.# #.#
#.#8..~....~....~..8#.# #.#
#.#.....#..~..#.....#.####.#
#.....####...####...........
#####...#######.#######).[####.#
..........................# #.#


There were no monsters in sight!

Vanquished Creatures
  An orb of fire (Zot:5)
  Saint Roka (D:18)
  Boris (Crypt:4)
  Norris (Vault:5)
  A Killer Klown (Zot:4)
  Margery (Vault:6)
  Geryon (Hell)
  Xtahua (Vault:6)
  Frederick (Vault:6)
  3 liches
  6 deep elf blademasters
  6 shadow dragons
  3 titans (Vault:8)
  A quicksilver dragon (Vault:8)
  10 Orb Guardians (Zot:5)
  Kirke (Vault:1)
  3 storm dragons
  Rupert (Vault:3)
  Aizul (Vault:3)
  A draconian monk (Zot:4)
  A bone dragon (Zot:2)
  A draconian knight (Zot:5)
  2 frost giants
  An orc warlord (Port)
  2 iron dragons (Vault:8)
  Wiglaf (Vault:3)
  Louise (Snake:3)
  5 tentacled monstrosities
  A quicksilver dragon zombie (Crypt:3)
  A fire giant (Vault:8)
  36 stone giants
  The ghost of Shockwave the Spry, a mighty SpEn of Kikubaaqudgha (Snake:5)
  A grey draconian (Zot:5)
  5 deep elf annihilators (Elf:5)
  A mottled draconian (Zot:5)
  11 greater nagas
  A black draconian (Zot:5)
  4 deep elf sorcerers (Elf:5)
  A yellow draconian (Zot:5)
  4 deep elf death magi (Elf:5)
  7 ettins
  4 deep elf master archers (Elf:5)
  24 vault guards (Vault:7)
  Snorg (Vault:3)
  A vampire knight (D:16)
  A minotaur (Lab)
  38 yaktaur captains
  A dragon (shapeshifter) (Vault:8)
  3 great orbs of eyes
  A dragon (D:21)
  An anaconda zombie (Crypt:4)
  Josephine (D:12)
  3 death cobs
  Erica (Lair:1)
  An ice dragon (Zot:1)
  9 ogre magi
  A hydra (shapeshifter) (D:20)
  21 hydras
  Nessos (D:14)
  3 deep elf demonologists (Elf:5)
  3 anacondas
  66 dancing weapons
  A death yak (shapeshifter) (Hell)
  An anaconda (shapeshifter) (D:25)
  6 alligators
  4 deep trolls (D:27)
  A rakshasa (D:26)
  3 deep elf high priests
  A sphinx skeleton (D:22)
  A frost giant zombie (Vault:7)
  Nergalle (Snake:4)
  4 stone giant zombies
  A ghost moth (Zot:3)
  5 orc high priests
  A deep troll (shapeshifter) (D:25)
  3 very ugly things
  2 draconians (shapeshifter)
  15 centaur warriors
  2 iron golems (Hell)
  A frost giant skeleton (D:24)
  A fire giant skeleton (D:24)
  6 griffons
  Erolcha (Elf:1)
  5 stone giant skeletons
  5 iron trolls
  An ice devil (Hell)
  40 deep elf knights
  4 unseen horrors
  38 skeletal warriors
  75 slime creatures
  A mottled draconian zombie (Crypt:3)
  2 hell knights (Vault:6)
  14 naga warriors
  3 yaktaur zombies (Hell)
  4 flayed ghosts
  An iron troll zombie (D:24)
  5 giant amoebae
  27 orc knights
  7 orc sorcerers
  An ice statue (Hell)
  A wizard (Vault:6)
  7 swamp dragons
  A death yak skeleton (Crypt:3)
  12 hill giants
  A lindwurm (shapeshifter) (Vault:8)
  A sea snake skeleton (Crypt:4)
  A purple draconian skeleton (Crypt:1)
  A yellow draconian skeleton (Crypt:4)
  6 spiny worms
  A grey draconian skeleton (Crypt:1)
  2 mottled draconian skeletons (Crypt:4)
  12 harpies
  19 guardian serpents
  Joseph (Elf:1)
  2 humans (shapeshifter)
  Urug (Elf:1)
  4 oklob plants (Hive:2)
  3 hydra zombies
  7 cyclopes
  7 necromancers
  2 shining eyes (shapeshifter)
  A vampire mage (D:16)
  A spiny worm (shapeshifter) (D:21)
  3 iron troll skeletons
  A red wasp (shapeshifter) (D:26)
  A harpy skeleton (D:19)
  4 moths of wrath
  An ice dragon zombie (Crypt:4)
  A guardian serpent zombie (Vault:4)
  6 red wasps
  5 elf zombies (Elf:5)
  A sixfirhy (Elf:5)
  3 griffon zombies
  A snapping turtle (shapeshifter) (Hell)
  2 hydra skeletons
  7 phantasmal warriors
  A fountain mimic (Vault:4)
  3 ettin zombies
  A portal mimic (Snake:4)
  A red wasp zombie (Crypt:1)
  An elephant slug (Lair:5)
  3 reapers (Hell)
  3 trapdoor spiders
  A trapdoor spider (shapeshifter) (D:25)
  A fire crab (Vault:5)
  9 wolf spiders
  3 shop mimics
  2 spiny worm zombies
  35 elephants
  An ice dragon skeleton (Vault:4)
  An eye of devastation (shapeshifter) (Vault:7)
  A dragon skeleton (Vault:3)
  4 door mimics
  7 mimics
  3 orange demons
  A trap mimic (Vault:2)
  A yaktaur (shapeshifter) (Hell)
  An ettin skeleton (Vault:8)
  23 black mambas
  9 rock trolls
  8 spiny frogs
  111 ugly things
  A giant toad skeleton (D:12)
  A black mamba skeleton (Crypt:4)
  2 efreeti
  Psyche (D:12)
  2 hellwings
  47 yaktaurs
  4 hill giant skeletons
  6 komodo dragons
  A silent spectre (Crypt:4)
  Grinder (D:6)
  2 iron devils (Hell)
  2 spriggans (shapeshifter)
  16 trolls
  10 two-headed ogres
  3 smoke demons
  10 naga magi
  A two-headed ogre (shapeshifter) (Vault:8)
  2 queen bees
  A baby alligator (shapeshifter) (Vault:8)
  A komodo dragon (shapeshifter) (Elf:1)
  2 bog mummies
  11 blink frogs
  A baby alligator skeleton (Crypt:4)
  3 deep troll skeletons
  A lindwurm zombie (Crypt:4)
  2 redback zombies
  6 blue devils (Hell)
  26 giant toads
  4 sharks
  A giant toad simulacrum (D:16)
  A rock troll skeleton (Vault:6)
  2 beasts (Hell)
  2 brown oozes (Lair:6)
  16 deep elf conjurers
  6 merfolk (shapeshifter)
  9 vampires
  2 ynoxinuls
  3 vipers
  6 bumblebees (D:23)
  4 hogs (Vault:1)
  8 metal gargoyles (Hell)
  6 wraiths
  29 vampire mosquitoes
  A dragon simulacrum (D:19)
  2 shadow demons (Hell)
  41 yaks
  18 deep elf summoners
  3 elves (shapeshifter)
  4 fire drakes
  2 neqoxecs (Elf:5)
  4 hungry ghosts
  2 boring beetles (shapeshifter)
  2 wyverns
  7 hippogriffs
  6 war dogs (Lair:8)
  24 deep elf fighters
  A jumping spider zombie (Crypt:4)
  A rock worm (D:19)
  7 manticores
  29 swamp worms
  2 cyclops zombies
  8 ghouls
  An orange crystal statue (Vault:7)
  13 necrophages
  2 hell hounds (Lair:8)
  12 deep elf priests
  13 insubstantial wisps
  3 soldier ants
  2 yaktaur skeletons
  3 freezing wraiths
  5 kenku (Swamp:2)
  88 orc warriors
  A redback simulacrum (D:18)
  56 ogres
  A mottled dragon (shapeshifter) (D:16)
  5 ice beasts
  2 bumblebee zombies (Hell)
  15 giant goldfish
  5 red devils
  5 sky beasts
  2 boring beetles
  A black bear (Lair:1)
  A cyclops skeleton (D:19)
  A yellow wasp (D:27)
  20 centaurs
  11 crocodiles
  A yak skeleton (D:14)
  28 deep elf magi
  4 phantoms
  72 nagas
  A wolf zombie (Crypt:1)
  A fire crab simulacrum (Vault:6)
  9 gila monsters
  Sigmund (D:3)
  5 giant slugs
  13 wargs
  5 wolves (Lair:8)
  3 boulder beetle zombies
  16 swamp drakes
  8 big kobolds
  A yaktaur simulacrum (D:14)
  42 water moccasins
  A yellow wasp zombie (D:8)
  36 giant frogs
  9 agate snails
  4 giant leeches
  2 soldier ant zombies
  A water moccasin skeleton (Vault:7)
  2 eyes of draining
  2 boulder beetles
  16 jellyfish
  185 killer bees
  A killer bee zombie (D:14)
  23 wights
  2 pulsating lumps (shapeshifter)
  3 big kobold zombies
  12 imps
  2 brain worm zombies
  3 goliath beetles
  17 electric eels
  2 mottled dragon skeletons (Crypt:1)
  3 big kobold skeletons
  A hound (shapeshifter) (Vault:2)
  A hound zombie (D:12)
  7 shadows
  3 big fish
  2 quasits
  22 hounds
  5 jellies
  12 orange rats (D:16)
  5 scorpions
  7 iron imps
  21 porcupines
  7 iguanas
  52 orc priests
  8 worker ants
  3 worker ant zombies
  53 orc wizards
  A swamp drake zombie (Crypt:1)
  44 deep elf soldiers
  12 sheep
  10 boggarts
  2 goliath beetle zombies (D:12)
  A mummy (D:14)
  6 flying skulls (D:16)
  13 gnolls
  63 green rats
  4 lemures
  5 giant centipedes
  2 giant centipede zombies
  48 snakes
  12 orc zombies
  3 white imps
  5 shadow imps
  3 snake skeletons
  6 worms
  8 giant mites
  An iguana zombie (D:9)
  4 midges (Elf:5)
  22 ufetubi
  11 grey rats
  3 giant eyeballs
  A gnoll zombie (Crypt:4)
  2 megabat zombies (Crypt:4)
  9 giant geckos
  A green rat skeleton (Crypt:4)
  10 human zombies
  9 giant cockroaches
  63 goblins
  43 hobgoblins
  35 jackals
  63 kobolds
  357 orcs
  4 small snakes
  9 giant newts
  2 giant spores
  A goblin zombie (Orc:1)
  A hobgoblin skeleton (D:6)
  A hobgoblin zombie (D:5)
  48 killer bee larvae
  68 megabats
  3 orc skeletons
  8 quokkas
  47 rats
  2 rat skeletons
  4 spectral orcs (Snake:4)
  42 ballistomycetes
  A butterfly (D:16)
  8 fungi
  12 plants
  79 toadstools
3641 creatures vanquished.

Vanquished Creatures (collateral kills)
  An ice beast (Abyss)
1 creature vanquished.

Vanquished Creatures (others)
  A shadow dragon (D:20)
  A hydra (Swamp:5)
  2 guardian serpents
  An ettin skeleton (Vault:6)
  31 slime creatures
  3 yaktaurs (Hell)
  A deep elf conjurer (Elf:2)
  2 deep elf fighters
  An ogre (D:26)
  A naga (Snake:4)
  A deep elf mage (Elf:4)
  A water moccasin zombie (Crypt:4)
  A killer bee (Hive:2)
  A snake (Snake:5)
  3 ufetubi (Elf:2)
  3 hobgoblins
  2 jackals (Lair:8)
  3 orcs
  A quokka (Lair:5)
  A giant newt (D:16)
  2 giant spores
  A hobgoblin zombie (Crypt:4)
  3 killer bee larvae (Hive:2)
  2 fungi (Lair:8)
  A plant (Hive:2)
  541 toadstools
611 creatures vanquished.

Grand Total: 4253 creatures vanquished

Notes
Turn   | Place    | Note
--------------------------------------------------------------
     0 | D:1      | zeddicus, the Merfolk Ice Elementalist, began the quest for the Orb.
     0 | D:1      | Reached XP level 1. HP: 11/11 MP: 3/3
   150 | D:1      | Reached skill level 4 in Ice Magic
   503 | D:1      | Reached XP level 2. HP: 10/16 MP: 4/4
  1403 | D:2      | Reached XP level 3. HP: 19/22 MP: 5/5
  1789 | D:2      | Reached skill level 5 in Ice Magic
  1929 | D:2      | Reached XP level 4. HP: 23/27 MP: 5/7
  2262 | D:3      | Learned a level 2 spell: Throw Frost
  2282 | D:3      | Noticed Sigmund
  2459 | D:3      | A giant newt changed into a giant centipede
  2463 | D:3      | Defeated a giant centipede
  2845 | D:4      | Reached XP level 5. HP: 19/33 MP: 7/9
  3119 | D:3      | Defeated Sigmund
  3164 | D:3      | Reached skill level 6 in Ice Magic
  3419 | D:3      | Reached skill level 7 in Ice Magic
  3556 | D:3      | Reached skill level 1 in Conjurations
  3872 | D:3      | Found a basalt altar of Yredelemnul.
  4264 | D:4      | Reached XP level 6. HP: 38/38 MP: 10/11
  4991 | D:4      | Got a twisted mace
  4992 | D:4      | Identified the cursed mace "Piosem" {flame, Dex+1} (You found it on level 4 of the Dungeon)
  5081 | D:5      | Entered Level 5 of the Dungeon
  5100 | D:5      | Reached skill level 8 in Ice Magic
  5123 | D:5      | Reached skill level 1 in Axes
  5184 | D:5      | You fall through a shaft!
  5184 | D:7      | Found a staircase to the Orcish Mines.
  5201 | D:7      | Reached skill level 5 in Dodging
  5410 | D:6      | Reached XP level 7. HP: 32/44 MP: 12/12
  5461 | D:6      | Reached skill level 1 in Polearms
  5487 | D:6      | Paralysed by a giant eyeball for 2 turns
  5511 | D:6      | Learned a level 3 spell: Ozocubu's Armour
  5516 | D:6      | Learned a level 4 spell: Throw Icicle
  5814 | D:6      | Reached skill level 1 in Fighting
  5951 | D:6      | Noticed Grinder
  5955 | D:6      | Paralysed by Grinder for 2 turns
  5966 | D:6      | Defeated Grinder
  5966 | D:6      | Reached XP level 8. HP: 21/50 MP: 13/16
  6269 | D:5      | Reached skill level 1 in Stabbing
  6910 | D:5      | You fall through a shaft!
  7120 | D:7      | Reached skill level 5 in Polearms
  7161 | D:7      | Reached skill level 9 in Ice Magic
  7162 | D:7      | Reached skill level 1 in Evocations
  7625 | D:7      | Found a staircase to the Ecumenical Temple.
  7636 | Temple   | Entered the Ecumenical Temple
  7691 | Temple   | Became a worshipper of Sif Muna the Loreminder
  7728 | D:7      | Reached XP level 9. HP: 45/58 MP: 16/17
  7760 | D:7      | Found Irome's Armour Shoppe.
  7781 | D:7      | Bought a +0 cloak of magic resistance for 84 gold pieces
  7974 | D:7      | Got a fine ring mail
  7983 | D:7      | Identified the +3 ring mail of Proximity (You found it on level 7 of the Dungeon)
  8963 | D:6      | Found a glowing golden altar of the Shining One.
  9084 | D:6      | Reached skill level 10 in Ice Magic
  9608 | D:5      | Found a bloodstained altar of Trog.
  9790 | D:5      | Acquired Sif Muna's first power
 11033 | D:9      | Reached XP level 10. HP: 63/66 MP: 20/20
 11147 | D:9      | Reached skill level 11 in Ice Magic
 11157 | D:9      | Acquired Sif Muna's second power
 11350 | D:9      | getting up next t othis ogre was dumb
 11357 | D:9      | Reached skill level 5 in Conjurations
 12155 | D:9      | i did it again!
 12165 | D:9      | Reached skill level 12 in Ice Magic
 12266 | D:10     | Entered Level 10 of the Dungeon
 12644 | D:10     | Learned a level 3 spell: Abjuration
 12644 | D:10     | oh baby
 13011 | D:10     | Found Igrurrec's General Store.
 13220 | D:10     | Reached skill level 5 in Spellcasting
 13926 | D:11     | Found a staircase to the Lair.
 13927 | D:11     | Noticed an agate snail
 13927 | D:11     | Noticed an agate snail
 14060 | D:11     | Found a labyrinth entrance.
 14102 | Lab      | Entered a Labyrinth
 14276 | Lab      | Reached XP level 11. HP: 50/72 MP: 22/22
 14280 | Lab      | Got a shimmering tin ring
 14280 | Lab      | Got a yellowed book
 14282 | Lab      | Identified Eustachio's Guide on Calling (You found it in a Labyrinth)
 14282 | Lab      | Identified the ring "Stuasem" (You found it in a Labyrinth)
 14695 | Lab      | Acquired Sif Muna's third power
 16561 | D:11     | Defeated an agate snail
 16746 | D:11     | Defeated an agate snail
 17008 | Lair:1   | Entered Level 1 of the Lair of Beasts
 17056 | Lair:1   | can you go ahead and queue up ozo's fridge for this first book coming up sif? thanks
 17056 | Lair:1   | maybe bolt of cold too..
 17079 | Lair:1   | Noticed Erica
 17086 | Lair:1   | Defeated Erica
 17615 | Lair:1   | Reached skill level 5 in Stealth
 17814 | Lair:1   | Learned a level 2 spell: Levitation
 17947 | Lair:1   | Reached skill level 10 in Conjurations
 18535 | Lair:2   | Reached skill level 10 in Dodging
 18718 | Lair:2   | Learned a level 2 spell: Swiftness
 19249 | Lair:2   | Learned a level 2 spell: Freezing Aura
 19344 | Lair:3   | Learned a level 2 spell: Blink
 19666 | Lair:3   | Reached XP level 12. HP: 80/80 MP: 22/26
 20062 | Lair:3   | lets get this book train rolling sif
 20105 | Lair:3   | Received a gift from Sif Muna
 20106 | Lair:3   | Got a droning book {god gift}
 20107 | Lair:3   | Identified Sif Muna's Tome of Conjuration {god gift} (Sif Muna gifted it to you on level 3 of the Lair of Beasts)
 20107 | Lair:3   | nice job sif, you're at least sorta listening :3
 20107 | Lair:3   | now just ozo's fridge and i will own in your name...
 20890 | Lair:3   | Reached skill level 13 in Ice Magic
 20979 | Lair:3   | Reached skill level 1 in Invocations
 21212 | Lair:4   | Found a staircase to the Swamp.
 22081 | Lair:4   | Found a staircase to the Snake Pit.
 22215 | Lair:4   | Learned a level 6 spell: Bolt of Cold
 23862 | Lair:5   | Reached skill level 10 in Polearms
 23948 | Lair:5   | Reached skill level 5 in Invocations
 24901 | Lair:6   | Reached XP level 13. HP: 80/85 MP: 20/29
 24922 | Lair:6   | Learned a level 3 spell: Regeneration
 25058 | Lair:6   | Found a staircase to the Slime Pits.
 25196 | Lair:6   | Received a gift from Sif Muna
 25198 | Lair:6   | i cast regen literally once sif. are you serious?
 25198 | Lair:6   | ok it does have sublimation, so that's cool, but i mean still. wtf?
 25409 | Lair:6   | Reached skill level 14 in Ice Magic
 26299 | Lair:7   | ugh
 26350 | Lair:7   | Reached skill level 1 in Hexes
 26694 | Lair:7   | Reached skill level 5 in Fighting
 27126 | Lair:8   | Entered Level 8 of the Lair of Beasts
 27221 | Lair:7   | Reached skill level 1 in Charms
 27560 | Lair:8   | Reached skill level 1 in Air Magic
 27984 | Lair:8   | Got an iridescent hammer
 27986 | Lair:8   | Identified the hammer "Robruus" {crush, Noisy +Inv SInv} (You found it on level 8 of the Lair of Beasts)
 28503 | Lair:8   | Got a pitted iron ring
 28518 | Lair:8   | Identified the ring "Laachostryo" {*TELE Str-2} (You found it on level 8 of the Lair of Beasts)
 31040 | D:12     | Found a staircase to the Hive.
 32176 | D:12     | Reached XP level 14. HP: 93/93 MP: 18/29
 32327 | D:12     | Noticed Josephine
 32328 | D:12     | Reached XP level 13. HP: 88/88 MP: 24/29
 32338 | D:12     | Defeated Josephine
 32340 | D:12     | Noticed Psyche
 32359 | D:12     | Defeated Psyche
 32545 | D:12     | HP: 1/90 [large slime creature (39)]
 33394 | D:12     | Reached skill level 10 in Spellcasting
 33440 | D:12     | Learned a level 2 spell: Repel Missiles
 33672 | Hive:1   | Entered Level 1 of the Hive
 34076 | D:13     | Reached XP level 14. HP: 79/95 MP: 30/30
 34738 | D:13     | Reached skill level 1 in Traps & Doors
 34973 | D:12     | Received a gift from Sif Muna
 34974 | D:12     | Got a blackened book {god gift}
 34975 | D:12     | Identified Sif Muna's Reference Book on Combat Magic {god gift} (Sif Muna gifted it to you on level 12 of the Dungeon)
 35406 | D:14     | Noticed Nessos
 35429 | D:13     | what the fuck man, where is some god damn rpois
 35532 | Lair:1   | Learned a level 2 spell: Cure Poison
 36291 | Hive:2   | Entered Level 2 of the Hive
 36743 | Hive:2   | this is really fucking tedious
 37059 | Hive:2   | always more bees..
 37086 | Hive:2   | Reached skill level 1 in Poison Magic
 37158 | Hive:2   | Reached skill level 1 in Armour
 37513 | Hive:2   | im about ready to suicide this fucking character
 37771 | Hive:2   | now 500 more turns to heal after 2 bees..
 38731 | Hive:2   | Reached skill level 1 in Shields
 39022 | Hive:2   | i'm eating all of the food in hive just to do hive, this rules
 40165 | Hive:2   | Got a black ring
 40187 | Hive:2   | of course
 40187 | Hive:2   | armour of rPois now that hive is clear
 40190 | Hive:2   | Identified the ring of Shadows (You found it on level 2 of the Hive)
 40409 | Orc:1    | Entered Level 1 of the Orcish Mines
 41230 | Orc:1    | Found Moriumut's Magic Scroll Shop.
 41239 | Orc:1    | Bought a scroll of blinking for 30 gold pieces
 41239 | Orc:1    | Bought a scroll of teleportation for 30 gold pieces
 41239 | Orc:1    | Bought a scroll of identify for 20 gold pieces
 41239 | Orc:1    | Bought a scroll of amnesia for 50 gold pieces
 41239 | Orc:1    | Bought a scroll of teleportation for 30 gold pieces
 41239 | Orc:1    | Bought a scroll of detect curse for 20 gold pieces
 41662 | Orc:2    | Found a bloodstained altar of Trog.
 42036 | Orc:4    | Entered Level 4 of the Orcish Mines
 42111 | Orc:4    | Found a flagged portal. 42127
                  | bailey
                  | Entered the bailey 42672
                  | bailey
                  | Reached XP level 15. HP: 52/104 MP: 6/31 43335
                  | bailey
                  | Reached skill level 5 in Shields 43585
                  | bailey
                  | Gained mutation: Your mind is acute (Int +1). 43586
                  | bailey
                  | Gained mutation: Your mind is acute (Int +2). 43587
                  | bailey
                  | Gained mutation: You are agile (Dex +1). 43681
                  | bailey
                  | Reached XP level 16. HP: 109/109 MP: 32/32 43683
                  | bailey
                  | Received a gift from Sif Muna 43684
                  | bailey
                  | Got a yellowed book {god gift} 43685
                  | bailey
                  | Identified Weradgh's Papyrus of Floating Enhancements {god gift} (Sif Muna gifted it to you in the bailey) 43690
                  | bailey
                  | Reached skill level 5 in Charms 43853
                  | bailey
                  | Reached skill level 15 in Ice Magic
 44114 | Orc:4    | Noticed an orc high priest
 44126 | Orc:4    | Defeated an orc high priest
 44165 | Orc:4    | Found Niaribb's Magical Wand Shop.
 44165 | Orc:4    | Found Grun's Distillery.
 44166 | Orc:4    | Found Ciriariu's Magic Scroll Shop.
 44167 | Orc:4    | Noticed an orc high priest
 44171 | Orc:4    | Noticed an orc high priest
 44184 | Orc:4    | Found Kyecoe's Magic Scroll Shop.
 44306 | Orc:4    | Defeated an orc high priest
 44322 | Orc:4    | Defeated an orc high priest
 44364 | Orc:4    | Noticed an orc high priest
 44493 | Orc:4    | Defeated an orc high priest
 44587 | Orc:4    | Found Iplamue's Distillery.
 44669 | Orc:4    | Bought a scroll of enchant armour for 72 gold pieces
 44669 | Orc:4    | Bought a scroll of remove curse for 45 gold pieces
 44669 | Orc:4    | Bought a scroll of amnesia for 75 gold pieces
 44669 | Orc:4    | Bought a scroll of identify for 30 gold pieces
 44669 | Orc:4    | Bought a scroll of identify for 30 gold pieces
 44669 | Orc:4    | Bought a scroll of teleportation for 45 gold pieces
 44672 | Orc:4    | Bought a potion of healing for 22 gold pieces
 44672 | Orc:4    | Bought a potion of healing for 22 gold pieces
 44672 | Orc:4    | Bought a potion of heal wounds for 33 gold pieces
 44672 | Orc:4    | Bought 2 potions of speed for 55 gold pieces
 44678 | Orc:4    | Bought a potion of speed for 35 gold pieces
 44678 | Orc:4    | Bought a potion of heal wounds for 42 gold pieces
 44678 | Orc:4    | Bought a potion of resistance for 98 gold pieces
 44678 | Orc:4    | Bought a potion of heal wounds for 42 gold pieces
 44678 | Orc:4    | Bought a potion of poison for 1 gold piece
 44678 | Orc:4    | Bought a potion of heal wounds for 42 gold pieces
 44678 | Orc:4    | Bought a potion of heal wounds for 42 gold pieces
 44678 | Orc:4    | Bought a potion of healing for 28 gold pieces
 44678 | Orc:4    | Bought a potion of healing for 28 gold pieces
 44678 | Orc:4    | Bought a potion of heal wounds for 42 gold pieces
 46009 | Orc:4    | Bought 2 scrolls of identify for 56 gold pieces
 46009 | Orc:4    | Bought a scroll of identify for 28 gold pieces
 46009 | Orc:4    | Bought a scroll of identify for 28 gold pieces
 46009 | Orc:4    | Bought a scroll of enchant weapon II for 77 gold pieces
 46036 | Orc:4    | Noticed a two-headed ogre
 46043 | Orc:4    | Defeated a two-headed ogre
 46293 | Orc:3    | Found a staircase to the Elven Halls.
 46293 | Orc:3    | Found Styney's Antique Weapon Shop.
 47324 | Orc:4    | Bought a potion of might for 27 gold pieces
 47324 | Orc:4    | Bought a potion of gain dexterity for 385 gold pieces
 47324 | Orc:4    | Bought a potion of mutation for 55 gold pieces
 47324 | Orc:4    | Bought a potion of poison for 1 gold piece
 47507 | Lair:1   | Gained mutation: You are agile (Dex +2).
 47675 | Lair:1   | Learned a level 2 spell: Sublimation of Blood
 47761 | D:14     | Reached skill level 1 in Necromancy
 47872 | D:14     | Reached XP level 17. HP: 118/118 MP: 33/33
 48267 | D:14     | Received a gift from Sif Muna
 48268 | D:14     | Got a graven book {god gift}
 48269 | D:14     | Identified Sif Muna's Guide on Aerial Confrontation {god gift} (Sif Muna gifted it to you on level 14 of the Dungeon)
 48349 | D:14     | Defeated Nessos
 48456 | D:14     | Found a staircase to the Vaults.
 48540 | D:15     | Entered Level 15 of the Dungeon
 48854 | D:15     | You fall through a shaft!
 48931 | D:18     | Noticed Saint Roka
 49213 | D:18     | Found a gateway to a ziggurat.
 50676 | D:16     | Noticed Roxanne
 51236 | D:16     | Got a pair of shimmering gloves
 51240 | D:16     | Identified the +0 pair of gloves of Divine Intervention (You found it on level 16 of the Dungeon)
 51384 | D:16     | Found an ancient bone altar of Kikubaaqudgha.
 52343 | D:17     | Noticed a deep elf mage
 52475 | D:17     | Defeated a deep elf mage
 52476 | D:17     | Noticed a deep elf priest
 52480 | D:17     | Defeated a deep elf priest
 53232 | D:18     | Found a blossoming altar of Fedhas.
 53291 | D:18     | Defeated Saint Roka
 53810 | Lair:1   | Learned a level 6 spell: Freezing Cloud
 53844 | Swamp:1  | Entered Level 1 of the Swamp
 54215 | Swamp:1  | Found an iron altar of Okawaru.
 55209 | Swamp:2  | Got a faintly glowing sabre
 55211 | Swamp:2  | Identified the sabre of Amorality {speed, rN+} (You found it on level 2 of the Swamp)
 55799 | Swamp:2  | Reached XP level 18. HP: 92/124 MP: 27/35
 57242 | Swamp:3  | Received a gift from Sif Muna
 57243 | Swamp:3  | Got a colourful book {god gift}
 57251 | Swamp:3  | Identified Sif Muna's Papyrus of Confrontation {god gift} (Sif Muna gifted it to you on level 3 of the Swamp)
 57732 | Swamp:4  | Noticed Donald
 57904 | Swamp:5  | Entered Level 5 of the Swamp
 58027 | Swamp:5  | Noticed Mara
 58038 | Swamp:5  | Reached skill level 10 in Fighting
 59678 | Swamp:5  | Reached skill level 1 in Unarmed Combat
 59818 | Swamp:5  | Got a decaying rune of Zot
 60200 | Snake:1  | Entered Level 1 of the Snake Pit
 60513 | Snake:1  | Got an iridescent dagger
 60541 | Snake:1  | Identified the dagger "Affei" {flame, SInv} (You found it on level 1 of the Snake Pit)
 60838 | Snake:1  | Found Qivviowk's Antique Armour Emporium.
 61047 | Snake:1  | Reached skill level 16 in Ice Magic
 61605 | Snake:2  | Found Ytaofiu's Antique Weapon Shoppe.
 61618 | Snake:2  | Found Baj Brai's Antique Weapon Shoppe.
 61621 | Snake:2  | Found an iron altar of Okawaru.
 61711 | Snake:2  | Reached skill level 1 in Translocations
 61976 | Snake:2  | Found Trutsid's Jewellery Emporium.
 61979 | Snake:2  | Found Stiaf's Antique Weapon Shop.
 62158 | Snake:2  | Found Feiher's Armour Shop.
 62198 | Snake:3  | Found a white marble altar of Elyvilon.
 62351 | Snake:3  | Noticed Louise
 62739 | Snake:3  | Defeated Louise
 63366 | Snake:3  | Reached XP level 19. HP: 137/137 MP: 36/36
 63484 | Lair:1   | Reached XP level 20. HP: 143/143 MP: 36/36
 63785 | Lair:1   | Learned a level 5 spell: Teleport Self
 63791 | Lair:1   | Received a gift from Sif Muna
 63792 | Lair:1   | Got a black book {god gift}
 63793 | Lair:1   | Identified Josephine's Collected Works on Attacks and the Volcanoes {god gift} (Sif Muna gifted it to you on level 1 of the Lair of Beasts)
 63793 | Lair:1   | ?????????
 63793 | Lair:1   | sif you are really out of touch buddy
 63796 | Lair:1   | maybe i have to start talking to like you're trog
 63818 | Lair:1   | SIF DO YOU THINK YOU COULD GIFT ME OZOCUBU'S REFRIGERATION IN MY NEXT BOOK?
 63818 | Lair:1   | I WOULD APPRECIATE OZOCUBU'S REFRIGERATION!!
 63818 | Lair:1   | THANKS IN ADVANCE, SIF MUNA, FOR OZOCUBU'S REFRIGERATION! :> :>
 64066 | Snake:4  | whoops!
 64191 | Snake:4  | Noticed Nergalle
 64223 | Snake:4  | Defeated Nergalle
 65228 | Snake:5  | Entered Level 5 of the Snake Pit
 66109 | Snake:5  | Noticed Shockwave's ghost (mighty SpEn)
 66158 | Snake:5  | Defeated Shockwave's ghost
 66194 | Snake:5  | Reached skill level 5 in Translocations
 67631 | Snake:5  | Got a serpentine rune of Zot
 67757 | Snake:5  | Reached skill level 15 in Dodging
 68198 | Elf:1    | Entered Level 1 of the Elven Halls
 68542 | Elf:1    | Noticed Erolcha
 68556 | Elf:1    | Found Toefy's Antique Weapon Shop.
 68565 | Elf:1    | Defeated Erolcha
 68571 | Elf:1    | Bought a glowing trident for 121 gold pieces
 68671 | Elf:1    | Noticed Joseph
 68680 | Elf:1    | Defeated Joseph
 69109 | Elf:1    | Noticed Urug
 69123 | Elf:1    | Defeated Urug
 69855 | Elf:2    | Found a flickering gateway to a bazaar. 69861
                  | bazaar
                  | Entered a bazaar 69861
                  | bazaar
                  | Found Pruxival's Antique Weapon Shop. 69861
                  | bazaar
                  | Found Chuliot's Distillery. 69861
                  | bazaar
                  | Found Garhib's Magic Scroll Shop. 69873
                  | bazaar
                  | Bought a scroll of identify for 24 gold pieces 69873
                  | bazaar
                  | Bought a scroll of identify for 24 gold pieces 69873
                  | bazaar
                  | Bought a scroll of recharging for 60 gold pieces 69873
                  | bazaar
                  | Bought a scroll of enchant weapon II for 66 gold pieces 69876
                  | bazaar
                  | Bought a potion of healing for 18 gold pieces 69876
                  | bazaar
                  | Bought a potion of heal wounds for 27 gold pieces 69876
                  | bazaar
                  | Bought a potion of cure mutation for 135 gold pieces 69876
                  | bazaar
                  | Bought a potion of resistance for 63 gold pieces 69876
                  | bazaar
                  | Bought a potion of heal wounds for 27 gold pieces 69876
                  | bazaar
                  | Bought a potion of healing for 18 gold pieces 69876
                  | bazaar
                  | Bought a potion of healing for 18 gold pieces 69887
                  | bazaar
                  | Bought a scroll of remove curse for 36 gold pieces 69887
                  | bazaar
                  | Bought a scroll of remove curse for 36 gold pieces 69887
                  | bazaar
                  | Bought a scroll of remove curse for 36 gold pieces
 70373 | Elf:2    | Paralysed by a deep elf mage for 3 turns
 70637 | Elf:2    | Found a burning altar of Makhleb.
 70836 | Elf:3    | Got a pair of ichor-stained gloves
 70838 | Elf:3    | Received a gift from Sif Muna
 70839 | Elf:3    | Got a graven book {god gift}
 70842 | Elf:3    | Identified Sif Muna's Book of the Frostbite {god gift} (Sif Muna gifted it to you on level 3 of the Elven Halls)
 70842 | Elf:3    | so close sif!!! so close!! pure ice is the trick!!
 70842 | Elf:3    | now hmm.. what pure ice spell don't i have? i think there's a level 5 one...
 70845 | Elf:3    | Identified the cursed -3 pair of gloves "Yzxedicy" (You found it on level 3 of the Elven Halls)
 70864 | Elf:3    | Reached XP level 21. HP: 148/153 MP: 20/37
 71148 | Elf:3    | Reached XP level 20. HP: 138/147 MP: 28/37
 71542 | Elf:4    | Found Egabbini's Assorted Antiques.
 71544 | Elf:4    | Found Ginom's General Store.
 71575 | Elf:4    | Bought a scroll of magic mapping for 38 gold pieces
 71613 | Elf:4    | Found Acuck's Food Emporium.
 71621 | Elf:4    | Found a flickering gateway to a bazaar.
 71644 | Elf:4    | Reached XP level 21. HP: 153/153 MP: 25/37 71652
                  | bazaar
                  | Entered a bazaar 71658
                  | bazaar
                  | Found Pnaugot's Assorted Antiques. 71672
                  | bazaar
                  | Found Chonkux's Food Boutique. 71700
                  | bazaar
                  | Found Neryo's Food Boutique. 71714
                  | bazaar
                  | Found Idiekh's Assorted Antiques. 71734
                  | bazaar
                  | Found Ocraipt's Food Boutique. 71748
                  | bazaar
                  | Found Ukhlirghi's Weapon Shop. 71757
                  | bazaar
                  | arg come on with a demon trident!! 71811
                  | bazaar
                  | Bought a scroll of teleportation for 87 gold pieces 71811
                  | bazaar
                  | Bought a scroll of enchant weapon II for 159 gold pieces 71811
                  | bazaar
                  | Bought a scroll of enchant weapon III for 580 gold pieces 71966
                  | bazaar
                  | Bought a meat ration for 32 gold pieces 71966
                  | bazaar
                  | Bought a meat ration for 32 gold pieces 71966
                  | bazaar
                  | Bought a bread ration for 32 gold pieces 71966
                  | bazaar
                  | Bought a meat ration for 32 gold pieces 71966
                  | bazaar
                  | Bought a meat ration for 32 gold pieces
 72387 | Elf:4    | Found Qoan's Antique Weapon Shop.
 72889 | Elf:5    | Entered Level 5 of the Elven Halls
 73263 | Lair:1   | Learned a level 6 spell: Haste
 73871 | Elf:5    | Found Fraj Uta's Antique Weapon Boutique.
 73884 | Elf:5    | Found Veff's Armour Emporium.
 73911 | Elf:5    | Found Gizi's Antique Armour Boutique.
 73912 | Elf:5    | Found Piodofuh's Magical Wand Shoppe.
 74312 | Elf:5    | Found Jami's Armour Boutique.
 74423 | Elf:5    | Noticed a deep elf blademaster
 74440 | Elf:5    | Defeated a deep elf blademaster
 74616 | Elf:5    | Reached skill level 10 in Charms
 74643 | Elf:5    | Noticed a deep elf master archer
 74652 | Elf:5    | Defeated a deep elf master archer
 74925 | Elf:5    | Noticed a deep elf blademaster
 74975 | Elf:5    | Noticed a deep elf blademaster
 74979 | Elf:5    | Noticed a deep elf master archer
 74979 | Elf:5    | Noticed a deep elf blademaster
 75403 | Elf:5    | where is that fucking blademaster
 75403 | Elf:5    | he's just wandering around, waiting to pop up at the wrong fucking time
 75645 | Elf:5    | here you are big fella
 75645 | Elf:5    | well it's funny that you're in a hallway like that
 75645 | Elf:5    | funny in the sense that i have a spell that's super cool in hallways...
 75645 | Elf:5    | i bet you want to see it, don't you blademaster
 75663 | Elf:5    | Defeated a deep elf blademaster
 76122 | Elf:4    | Defeated a deep elf blademaster
 76127 | Elf:4    | god sitting there and meleeing a blademaster is scary
 76659 | Elf:5    | Noticed a deep elf master archer
 76667 | Elf:5    | Noticed a deep elf master archer
 76679 | Elf:5    | Defeated a deep elf master archer
 76819 | Elf:5    | Defeated a deep elf master archer
 77014 | Elf:5    | Got a crude robe
 77018 | Elf:5    | Received a gift from Sif Muna
 77019 | Elf:5    | Got a sparkling book {god gift}
 77020 | Elf:5    | Identified Sif Muna's Foundations of Spellcraft {god gift} (Sif Muna gifted it to you on level 5 of the Elven Halls)
 77036 | Elf:5    | Gained mutation: Your muscles are strong (Str +1).
 77421 | Elf:5    | Defeated a deep elf master archer
 77543 | Elf:5    | Identified the -2 robe "Ryxzann" (You took it off a deep elf death mage on level 5 of the Elven Halls)
 77633 | Elf:5    | Defeated a deep elf blademaster
 77724 | Elf:5    | Noticed a deep elf blademaster
 77724 | Elf:5    | Noticed a deep elf blademaster
 77776 | Elf:5    | Defeated a deep elf blademaster
 77781 | Elf:5    | Defeated a deep elf blademaster
 77879 | Elf:5    | You are cast into the Abyss!
 77879 | Elf:5    | Cast into the Abyss (deep elf demonologist)
 77879 | Abyss    | Entered The Abyss
 77880 | Abyss    | argh
 78009 | Abyss    | Noticed an ice beast
 78035 | Abyss    | Defeated an ice beast
 78160 | Abyss    | Noticed a reaper
 78198 | Abyss    | Noticed a phantom
 78222 | Abyss    | Noticed a red devil
 78229 | Abyss    | Noticed a soul eater
 78241 | Abyss    | Noticed an earth elemental
 78256 | Abyss    | Gained mutation: Your magical capacity is low (-10% MP).
 78257 | Elf:5    | You pass through the gate.
 78317 | Elf:4    | Bought a bread ration for 44 gold pieces
 78317 | Elf:4    | Bought a bread ration for 44 gold pieces
 78317 | Elf:4    | Bought a bread ration for 44 gold pieces
 78317 | Elf:4    | Bought a bread ration for 44 gold pieces
 78528 | Elf:5    | Got a conspicuous book
 78562 | Elf:5    | Got an antique book
 78566 | Elf:5    | Identified the Disquisition on Attacks (You found it on level 5 of the Elven Halls)
 78566 | Elf:5    | Identified the Compendium of Noxious Aid (You found it on level 5 of the Elven Halls)
 78934 | Lair:1   | Gained mutation: You are agile (Dex +3).
 78950 | Lair:1   | Gained mutation: Your muscles are strong (Str +2).
 79071 | Vault:1  | Entered Level 1 of the Vaults
 79071 | Vault:1  | Found Baivuff's General Store.
 79146 | Vault:1  | Got a pitted buckler
 79154 | Vault:1  | Identified the +3 buckler "Duery" (You found it on level 1 of the Vaults)
 79154 | Vault:1  | fuckkk yeah
 79175 | Vault:1  | Noticed Kirke
 79215 | Vault:1  | Defeated Kirke
 79231 | Vault:1  | Reached skill level 17 in Ice Magic
 79743 | Vault:1  | really?
 79743 | Vault:1  | 3 scrolls on this wand and its taken it from 2 to 6
 80073 | Lair:1   | Learned a level 3 spell: Abjuration
 80222 | Vault:2  | Reached XP level 22. HP: 157/157 MP: 32/34
 80273 | Vault:2  | Learned a level 1 spell: Summon Butterflies
 80398 | Vault:2  | Found Myusoa's Antique Weapon Emporium.
 80408 | Vault:2  | rahhh!
 80408 | Vault:2  | give me a demon trident!!!
 80638 | Vault:2  | Reached skill level 1 in Summonings
 80925 | Vault:3  | Noticed Aizul
 80956 | Vault:2  | a trap mimic, that's anew one
 80994 | Vault:3  | Defeated Aizul
 80995 | Vault:3  | bitch
 81069 | Vault:3  | Noticed Wiglaf
 81096 | Vault:2  | well that's fun
 81096 | Vault:2  | maybe i should notice wiglaf sooner next time though, that would be nice..
 81268 | Vault:3  | Defeated Wiglaf
 81363 | Vault:3  | Noticed Snorg
 81379 | Vault:3  | Defeated Snorg
 81384 | Vault:3  | Found Soompoko's Distillery.
 81666 | Vault:3  | Noticed Rupert
 81799 | Vault:3  | Defeated Rupert
 82110 | Vault:3  | Found a staircase to the Crypt.
 82110 | Vault:3  | Found a basalt altar of Yredelemnul.
 82111 | Vault:3  | Found an ancient bone altar of Kikubaaqudgha.
 82332 | Vault:4  | Found a staircase to the Hall of Blades.
 82539 | Vault:4  | Reached skill level 5 in Air Magic
 82755 | Vault:4  | Received a gift from Sif Muna
 82907 | Vault:4  | Reached skill level 5 in Summonings
 83597 | Blade    | Entered the Hall of Blades
 83598 | Blade    | wow this is a shitty entry
 84905 | Blade    | really? 2 tridents of venom?
 85360 | Blade    | god damn how many fucking draining weapons are in here
 85373 | Blade    | tridents of venom and every weapon is of draining. awesome
 86146 | Vault:1  | Bought a bread ration for 68 gold pieces
 86146 | Vault:1  | Bought a scroll of identify for 34 gold pieces
 86515 | Blade    | Reached XP level 23. HP: 167/167 MP: 24/35
 87156 | Blade    | Reached skill level 10 in Shields
 87626 | Lair:1   | let's rock
 88043 | Blade    | Reached skill level 18 in Ice Magic
 88232 | Blade    | Received a gift from Sif Muna
 88234 | Blade    | i thought we already went over this sif... i'm not a necromancer ffs
 88234 | Blade    | ozo's refrigeration!!!! make with it!!! thats the only reason im even worshipping you god damnit!!
 88672 | Crypt:1  | Entered Level 1 of the Crypt
 88731 | Vault:3  | rock!
 88731 | Vault:3  | robot rock!
 89625 | Crypt:2  | Found an ancient bone altar of Kikubaaqudgha.
 89667 | Crypt:2  | Noticed Khufu
 90363 | Crypt:3  | Found a staircase to the Tomb.
 90473 | Crypt:4  | Noticed Mennas
 91108 | Crypt:4  | Noticed Boris
 91154 | Crypt:4  | Defeated Boris
 91390 | Crypt:3  | nope. gave it a shot
 91516 | Vault:5  | well hello
 91569 | Vault:5  | Noticed Norris
 91686 | Vault:5  | Defeated Norris
 91955 | Vault:5  | Identified a scroll of acquirement
 92065 | Vault:5  | Paralysed by an orc sorcerer for 5 turns
 92077 | Vault:5  | wow that could have really fucking sucked
 93006 | Vault:6  | hi margery
 93006 | Vault:6  | i've been waiting for you.. so patiently..
 93008 | Vault:6  | Noticed Margery
 93046 | Vault:6  | Reached XP level 24. HP: 96/176 MP: 8/36
 93055 | Vault:6  | Defeated Margery
 93266 | Lair:1   | Learned a level 2 spell: Freezing Aura
 93337 | Lair:1   | fuck yeahhhhhhhhhhhhhh
 93976 | Vault:6  | Noticed a deep elf priest
 93978 | Vault:6  | Defeated a deep elf priest
 94117 | Vault:6  | Noticed Frederick
 94161 | Vault:6  | Defeated Frederick
 94690 | Vault:6  | Noticed Xtahua
 94825 | Vault:6  | Defeated Xtahua
 95103 | Vault:7  | Found a burning altar of Makhleb.
 95204 | Vault:7  | Reached skill level 10 in Stealth
 95239 | Vault:7  | Gained mutation: Your mind is acute (Int +3).
 95241 | Vault:7  | Got a transparent great sword
 95247 | Vault:7  | Identified the great sword of Linearity {slice, -TELE Dex+1} (You found it on level 7 of the Vaults)
 97329 | D:20     | Entered Level 20 of the Dungeon
 97672 | D:20     | what in the heck
 97754 | D:20     | Noticed a shadow dragon
 97795 | D:20     | Defeated a shadow dragon
 97803 | D:20     | Reached XP level 25. HP: 132/187 MP: 29/36
 98526 | D:21     | Found a one-way gate to the infinite horrors of the Abyss.
 98526 | D:21     | Found a gateway to Hell.
 98764 | D:22     | Found a one-way gate leading to the halls of Pandemonium.
 98823 | D:22     | rock!
 98823 | D:22     | robot rock!
 98976 | D:22     | you know
 98976 | D:22     | if i was a better player (i'm not
 98976 | D:22     | ), i would probably ditch you sif muna.
 98976 | D:22     | you haven't come through on the literally 1 thing that i got you for
 98976 | D:22     | and now that i have this dtrident, it would be real easy to go TSO......
 99403 | D:21     | Found Gisk's Armour Boutique.
 99804 | D:23     | Received a gift from Sif Muna
 99805 | D:23     | Got an engraved book {god gift}
 99806 | D:23     | Identified Quebbaf's Grimoire of Aerial Good Luck {god gift} (Sif Muna gifted it to you on level 23 of the Dungeon)
100241 | D:23     | Found Asedir's Assorted Antiques.
100302 | D:23     | Bought a scroll of enchant weapon III for 560 gold pieces
100303 | D:23     | whoops!
100613 | D:23     | shapeshifters pick the worst fucking things
100613 | D:23     | oh hey here's a pretty boss merfolk with a trident. i think i'll be a spriggan
100613 | D:23     | good choice
100727 | D:23     | Reached skill level 19 in Ice Magic
101160 | Lair:1   | Learned a level 1 spell: Apportation
101174 | Lair:1   | ROCK!
101174 | Lair:1   | ROBOT ROCK!
101174 | Lair:1   | ROCK!
101489 | D:24     | ROBOT ROCK!
101854 | D:24     | Got a droning book
101855 | D:24     | Identified Tisog's Handbook of the Seven Moons (You found it on level 24 of the Dungeon)
101874 | D:24     | Lost mutation: Your mind is acute (Int +3).
101886 | D:24     | Got a shimmering quarterstaff
101896 | D:24     | Identified the cursed quarterstaff "Abiepp" {slay orc, rC+} (You found it on level 24 of the Dungeon)
102476 | D:25     | Entered Level 25 of the Dungeon
102639 | D:25     | Got a warped scythe
102652 | D:25     | Identified the scythe of the Beast {pain, Int+3} (You found it on level 25 of the Dungeon)
102984 | D:25     | Reached XP level 26. HP: 174/191 MP: 34/36
103992 | D:25     | Found Bluluaw's Jewellery Boutique.
104035 | D:25     | Bought an uncursed amulet of inaccuracy for 2 gold pieces
104257 | D:27     | Entered Level 27 of the Dungeon
104266 | D:27     | Reached skill level 15 in Fighting
104340 | D:27     | A snapping turtle changed into a shining eye
104342 | D:27     | Defeated a shining eye
104729 | D:27     | Reached skill level 5 in Stabbing
105499 | D:27     | Noticed a pulsating lump
105503 | D:27     | Defeated a pulsating lump
105847 | Hell     | Entered the Vestibule of Hell
105848 | Hell     | Noticed Geryon
105894 | D:21     | hurf durf
105901 | D:21     | lets just fight the ever increasing summonseses
106037 | Hell     | Defeated Geryon
106345 | Hell     | why does silver sear me? i'm not fucking undead
106969 | Hell     | Gained mutation: Your magical capacity is very low (-20% MP).
106970 | Hell     | fucking hell
107018 | Hell     | Reached skill level 15 in Polearms
107348 | Hell     | Received a gift from Sif Muna
107349 | Hell     | Got a conspicuous book {god gift}
107355 | Hell     | Reached XP level 27. HP: 115/203 MP: 16/33
107605 | Hell     | Identified Sif Muna's Volume of Attacks and the Escort {god gift} (Sif Muna gifted it to you in the Vestibule of Hell)
107888 | Lair:1   | so i guess its about time for v:8...
107890 | Lair:1   | got wands.. food.. pots.. my weapon.. few scrolls?
107892 | Lair:1   | hmm
107892 | Lair:1   | where are all my scrolls?
108144 | Hell     | whoops!
108395 | Lair:1   | OK FINAL CHECK
108395 | Lair:1   | I THINK I HAVE MY SCROLLS
108402 | Lair:1   | ROCK!
108402 | Lair:1   | ROBOT ROCK!
108673 | Vault:7  | hm lets save this stair
108727 | Vault:7  | ROCK!
108727 | Vault:7  | ROBOT ROCK!
108729 | Vault:8  | Entered Level 8 of the Vaults
108731 | Vault:8  | hi buddies!
108786 | Vault:7  | eat shit bitches!
109318 | Vault:8  | i always forget something..
109318 | Vault:8  | hmm
109427 | Vault:8  | Noticed an iron dragon
109467 | Vault:8  | Defeated an iron dragon
109536 | Vault:8  | Reached skill level 20 in Ice Magic
109957 | Vault:8  | An elephant changed into a pulsating lump
109964 | Vault:8  | Defeated a pulsating lump
109995 | Vault:8  | An anaconda changed into a shining eye
109997 | Vault:8  | A shining eye changed into an elephant
110007 | Vault:8  | baby alligator, good choice shapeshifter
110059 | Vault:8  | Got a graven book
110063 | Vault:8  | Got a scintillating granite ring
110073 | Vault:8  | Got a transparent great mace
110079 | Vault:8  | Identified the great mace of Iriexih {drain, rPois rF+ Str-3} (You found it on level 8 of the Vaults)
110086 | Vault:8  | Identified the Compendium of Conjuration and Earth (You found it on level 8 of the Vaults)
110086 | Vault:8  | Identified the ring "Paokheur" (You found it on level 8 of the Vaults)
110126 | Vault:8  | brb
110126 | Vault:8  | rock!
110126 | Vault:8  | robot rock!
110229 | Vault:8  | next potion shattered is this magic one i just picked up
110229 | Vault:8  | calling it now
110279 | Vault:8  | Noticed a shining eye
110279 | Vault:8  | A shining eye changed into a moth of wrath
110322 | Vault:8  | A cyclops changed into a guardian serpent
110324 | Vault:8  | A guardian serpent changed into a boring beetle
110355 | Vault:8  | Got a silver rune of Zot
110356 | Vault:8  | ROCK!
110356 | Vault:8  | ROBOT ROCK!
110419 | Vault:8  | Reached skill level 15 in Spellcasting
110452 | Vault:8  | Got a glistering book
110453 | Vault:8  | Identified Zilo's Volume of Weightlessness (You found it on level 8 of the Vaults)
110453 | Vault:8  | a book glistening in the sun
110453 | Vault:8  | with spells never to be cast..
110459 | Vault:8  | come on spell hunger!!!
110535 | Vault:8  | Got a flimsy blue robe
110562 | Vault:8  | Identified a +2 rod of destruction [ice] (9/9) (You found it on level 8 of the Vaults)
110563 | Vault:8  | lol wtf is this
110563 | Vault:8  | why yes, i need a rod that can throw icicle and freezing clouds..
110563 | Vault:8  | ARGH
110563 | Vault:8  | WHERE IS OZO'S FRIDGE
110661 | Vault:8  | fancy meeting you here mr lich
110701 | Vault:8  | wow
110701 | Vault:8  | i'm dumb
110701 | Vault:8  | why isnt this stone giant dying in melee to my rod of destruction?????
110787 | Vault:8  | A sea snake changed into a shining eye
110790 | Vault:8  | Defeated a shining eye
110811 | Vault:8  | Noticed an iron dragon
110823 | Vault:8  | Received a gift from Sif Muna
110825 | Vault:8  | i want wait to see the hilarity in this book, sif muna
110825 | Vault:8  | lets think a second
110825 | Vault:8  | whats probably in there?
110825 | Vault:8  | i'm thinking.. passage of golubria.. agony... sublimation.. am i on to something?
110828 | Vault:8  | Defeated an iron dragon
110829 | Vault:8  | Got a blackened book {god gift}
110830 | Vault:8  | Identified Sif Muna's Volume of the Entourage {god gift} (Sif Muna gifted it to you on level 8 of the Vaults)
110830 | Vault:8  | haha not even close, but still hilariousl;y bad!
111601 | Vault:8  | Got a crystal amulet
111617 | Vault:8  | Noticed a deep elf high priest
111621 | Vault:8  | Defeated a deep elf high priest
111962 | Vault:7  | hmm
111962 | Vault:7  | so maybe meleeing 2 titans at the same time isnt a good idea
111962 | Vault:7  | dont get lazy now!!
111997 | Vault:8  | Noticed a quicksilver dragon
111998 | Vault:8  | fuckin a
112102 | Vault:8  | Defeated a quicksilver dragon
112104 | Vault:8  | maybe that was overkill, i'm scared of quicksilver dragons though...
112521 | Lair:1   | Identified the amulet of Cekugob (You found it on level 8 of the Vaults)
112522 | Lair:1   | Identified the +3 robe of Clouds (You found it on level 8 of the Vaults)
112739 | Lair:1   | Learned a level 5 spell: Phase Shift
113842 | Zot:1    | Entered Level 1 of the Realm of Zot
114003 | Zot:3    | Noticed Ozone's ghost (great MDFi)
114010 | Zot:3    | hmm
114010 | Zot:3    | gonna try and icicle him, if not, will find other stairs on zot:2 i guess..
114016 | Zot:3    | yeah thts not gonna happen
114084 | Zot:2    | thats what iforgot this time!!
114084 | Zot:2    | im a scaredy, sorry
114540 | Lair:1   | ok take two..
115164 | Zot:5    | Entered Level 5 of the Realm of Zot
115257 | Zot:5    | forgot about phase shift!
115382 | Zot:5    | well thats fun
115382 | Zot:5    | i think i shit my pants
115398 | Zot:4    | fuck
115810 | Zot:5    | Noticed an ancient lich
115899 | Zot:5    | i doubt anyone is watching, but if so, sorry if this is tedious!
115899 | Zot:5    | i'm scared shitless atm!
115997 | Zot:5    | Received a gift from Sif Muna
115998 | Zot:5    | Got a graven book {god gift}
115999 | Zot:5    | Identified Sif Muna's Reference Book on Arcane Weapons {god gift} (Sif Muna gifted it to you on level 5 of the Realm of Zot)
115999 | Zot:5    | sif muna i swear i am going to fucking choke you
116016 | Zot:5    | Noticed an orb of fire
116049 | Zot:5    | Lost mutation: You are agile (Dex +3).
116059 | Zot:5    | should i even be doing this? how could i avoid it?
116072 | Zot:5    | Defeated an orb of fire
116192 | Zot:4    | upwards and onwards..
116313 | Zot:5    | nice
116321 | Zot:5    | i guess sticky flame eats ozo's armor?
116346 | Zot:5    | ugh
116349 | Zot:5    | Noticed an orb of fire
116355 | Zot:5    | my heart is beating really hard right now
116355 | Zot:5    | i'm such a crawl loser
116355 | Zot:5    | so its time to buff up, haste up, and try to grab and go!
116355 | Zot:5    | well, rebuff
116378 | Zot:5    | Got the Orb of Zot
116388 | Zot:5    | i had to check twice...
116388 | Zot:5    | oh well all the scrolls were expendable
116406 | Zot:3    | hi ozone!
116406 | Zot:3    | bye ozone!
116406 | Zot:3    | you sick son of a mdfi ghost bitch you
116438 | D:26     | whoops
116560 | D:19     | Noticed Gysew the pandemonium lord
116567 | D:18     | teleport self: my favorite spell
116718 | D:9      | fuck a dungeon wall
116731 | D:8      | fuck that hellion too
116815 | D:5      | thats not he direction i blinked crawl
116815 | D:5      | wtf
116852 | D:3      | we hardly knew ye, hobgoblin
116870 | D:1      | hooray, i managed to not forget the orb or the runes!!!
116870 | D:1      | really pumped for my 2nd win, sorry about all the garbage in my inventory on the first one
116870 | D:1      | i thought maybe it would pump up my score
116870 | D:1      | but it didnt
116870 | D:1      | peace out, thanks to german joey and evilmike and ##crawl and ##gooncrawl for all the help to this badplayer!!!
116870 | D:1      | ROCK!
116870 | D:1      | ROBOT ROCK!
116871 | D:$      | Escaped with the Orb!
